 Dungeon Crawl Stone Soup version 0.31-a0-221-gbddc013574 (webtiles) character file.

Game seed: 17004970575666976327

6649 reriks the Fighter (level 10, -1/94 HPs)
             Began as a Minotaur Hunter on July 4, 2023.
             Was a Believer of Fedhas.
             Slain by Harold
             ... wielding a +0 short sword
              (10 damage)
             ... on level 10 of the Dungeon.
             The game lasted 00:23:03 (16255 turns).

reriks the Fighter (Minotaur Hunter)               Turns: 16255, Time: 00:23:03

Health: -1/94      AC: 10    Str: 16    XL:     10   Next: 72%
Magic:  13/13      EV:  9    Int:  6    God:    Fedhas [**....]
Gold:   878        SH:  0    Dex: 18    Spells: 9/9 levels left

rFire   + . .        b - +4 dagger (venom)
rCold   . . .        (no shield)
rNeg    . . .        F - +0 plate armour
rPois   .            (helmet restricted)
rElec   .            (no cloak)
rCorr   .            (no gloves)
SInv    .            (no boots)
Will    .....        (no amulet) Stlth
                     l - +5 ring of evasion
HPRegen 0.35/turn    v - ring of protection from fire
MPRegen 0.13/turn

%: no passive effects
@: held
A: horns 2, retaliatory headbutt
a: Renounce Religion, Wall of Briars


You were on level 10 of the Dungeon.
You worshipped Fedhas.
Fedhas was pleased with you.
You visited 2 branches of the dungeon, and saw 11 of its levels.
You also visited: Bailey.

You collected 1179 gold pieces.
You spent 301 gold pieces at shops.

Inventory:

Hand Weapons
 a - a +1 shortbow of freezing
 b - a +4 dagger of venom (weapon)
 h - a +0 hand axe
 r - a +2 falchion of draining
 B - a +0 shortbow
 C - a +0 scimitar of flaming
 E - the +7 Spriggan's Knife {stab, EV+4 Stlth+}
   (You took it off Grum in a bailey)

   Stab:      It is more effective when stabbing unaware enemies, sometimes
   treating them as though they were completely helpless.
   EV:        It affects your evasion (+4).
   Stlth:     It makes you more stealthy.
Missiles
 p - 4 javelins
 x - 5 throwing nets
Armour
 c - a +0 leather armour
 q - a +0 chain mail
 s - a +2 ring mail of fire resistance
 D - a +0 chain mail
 F - a +0 plate armour (worn)
Jewellery
 l - a +5 ring of evasion (left hand)
 v - a ring of protection from fire (right hand)
 G - a ring of wizardry
Wands
 e - a wand of paralysis (19)
 t - a wand of iceblast (17)
Scrolls
 f - a scroll of noise
 i - a scroll of amnesia
 k - a scroll of teleportation
 m - 3 scrolls of identify
 n - a scroll of butterflies
 y - a scroll of silence
 A - a scroll of enchant weapon {unknown}
 H - a scroll of revelation
 J - a scroll of blinking {unknown}
Potions
 d - a potion of heal wounds {unknown}
 g - 3 potions of enlightenment
 j - a potion of degeneration {unknown}
 o - a potion of curing
 u - 2 potions of brilliance
 w - a potion of ambrosia
 z - a potion of magic {unknown}
 I - 2 potions of lignification {unknown}


   Skills:
 + Level 10.7 Fighting
 + Level 10.4 Ranged Weapons
 + Level 9.7 Dodging
 - Level 2.0 Stealth
 + Level 6.3 Invocations


You had 9 spell levels left.
You didn't know any spells.
Your spell library contained the following spells:

 Spells                   Type           Power      Damage    Failure   Level
 Blink                    Tloc           0%         N/A       100%        2
 Cigotuvi's Dreadful Rot  Necr/Pois/Air  0%         N/A       100%        2
 Lesser Beckoning         Tloc           0%         N/A       100%        2
 Momentum Strike          Conj/Tloc      0%         3d8       100%        2
 Ignite Poison            Fire/Tmut/Pois 0%         N/A       100%        3
 Summon Guardian Golem    Hex/Summ       0%         N/A       100%        3
 Animate Armour           Summ/Erth      0%         N/A       100%        4
 Summon Lightning Spire   Summ/Air       0%         N/A       100%        4
 Blade Hands              Tmut           0%         N/A       100%        5
 Freezing Cloud           Conj/Ice/Air   0%         6-21      100%        5
 Orb of Destruction       Conj           0%         9d5       100%        7
 Spellforged Servitor     Conj/Summ      0%         N/A       100%        7


Dungeon Overview and Level Annotations

Branches:
Dungeon (10/15)            Temple (1/1) D:5          Bailey (visited)
   Lair: D:8-11         Orc: D:9-12

Altars:
Ashenzari
Cheibriados
Dithmenos
Elyvilon
Fedhas
Gozag
Kikubaaqudgha
Makhleb
Nemelex Xobeh
Okawaru
Qazlal
Ru
Sif Muna
Trog
Uskayaw
Vehumet
Wu Jian
Xom
Yredelemnul
Zin
The Shining One

Shops:
D:6 (

Annotations:
D:7 2 transporters, Thug187's ghost, novice MfGl
D:10 Harold


Innate Abilities, Weirdness & Mutations

You have a pair of horns on your head.
You reflexively headbutt those who attack you in melee.


Message History

You rip the net and break free!
Harold hits you with a +0 short sword!
You shoot an arrow.
The arrow hits Harold but does no damage.
Harold is lightly wounded.
Harold hits you with a +0 short sword! x2
You shoot an arrow. The arrow hits Harold.
The arrow freezes Harold.
Harold is moderately wounded.
Harold hits you with a +0 short sword!
You are too injured to fight recklessly!
You are too injured to fight recklessly!
You are too injured to fight recklessly!
You are too injured to fight recklessly!
Your +1 shortbow of freezing stops glowing.
Your +4 dagger of venom begins to drip with poison!
b - a +4 dagger of venom (weapon)
Harold hits you with a +0 short sword.
You hit Harold but do no damage.
Harold is poisoned.
Harold is moderately wounded.
Harold closely misses you.
You closely miss Harold.
Harold is moderately wounded.
Harold hits you with a +0 short sword!
You hit Harold. You headbutt Harold.
Harold is moderately wounded.
Harold hits you with a +0 short sword!
* * * LOW HITPOINT WARNING * * *
Harold attacks as you move away! Harold misses you.
Harold attacks as you move away! Harold hits you with a +0 short sword!
* * * LOW HITPOINT WARNING * * *
Harold attacks as you move away! Harold hits you with a +0 short sword.
* * * LOW HITPOINT WARNING * * *
Harold throws a throwing net.
The throwing net hits you.
You become entangled in the net!
You see here a throwing net.
Unknown command.
You struggle against the net.
Unknown command.
You struggle against the net.
Harold hits you with a +0 short sword!
You die...
Fedhas appreciates your contribution to the ecosystem.

#### #<.# #.## # #.# #####.#. #.#
#.###.....h. #.# ### #........h..
#.# #.# #.#
#######.#######.##########.###.#.
................@@..†............
##########################.......
#######.


You could see Harold (poisoned).

Vanquished Creatures
  Pikel (D:5)
  2 trolls (D:9)
  A meliai (D:9)
  A wyvern (D:9)
  A shadow (D:9)
  3 yaks (D:6)
  Grum (Bailey)
  A steam dragon (D:9)
  An acid dragon (D:8)
  A water moccasin (D:4)
  A sky beast (D:8)
  A black bear (D:6)
  An ice beast (D:7)
  An orc warrior (D:5)
  3 ogres
  5 wolves (Bailey)
  3 centaurs
  2 lemures (D:4)
  A phantom (D:7)
  3 bullfrogs
  3 kobold brigands
  6 gnoll sergeants (Bailey)
  2 scorpions
  9 wights
  A killer bee (D:9)
  9 howler monkeys
  2 orc priests
  6 hounds
  4 jellies
  6 gnoll boudas (Bailey)
  3 iguanas
  An orc wizard (D:8)
  15 gnolls (Bailey)
  6 adders
  A shadow imp (D:6)
  2 white imps
  An ufetubus (D:5)
  3 worms
  4 dart slugs
  16 orcs
  9 ball pythons
  5 endoplasms
  8 giant cockroaches
  11 goblins
  7 hobgoblins
  12 jackals
  15 kobolds
  4 quokkas
  5 bats
  A frilled lizard (D:3)
  3 goblin zombies (D:4)
  A hobgoblin zombie (D:4)
  A kobold skeleton (D:4)
  A kobold zombie (D:4)
  3 orc zombies (D:4)
  6 rats
226 creatures vanquished.

Vanquished Creatures (collateral kills)
  A wraith (D:9)
  A steam dragon (D:9)
  A ballistomycete spore (D:9)
3 creatures vanquished.

Vanquished Creatures (others)
  A sleepcap (D:6)
1 creature vanquished.

Grand Total: 230 creatures vanquished

Notes
Turn   | Place    | Note
-------+----------+-------------------------------------------
     0 | D:1      | reriks the Minotaur Hunter began the quest for the Orb.
     0 | D:1      | Reached XP level 1. HP: 18/18 MP: 0/0
   144 | D:1      | Reached skill level 1 in Stealth
   196 | D:1      | Reached XP level 2. HP: 25/25 MP: 1/1
  1741 | D:2      | Reached XP level 3. HP: 31/31 MP: 2/2
  2428 | D:2      | Reached XP level 4. HP: 38/38 MP: 3/3
  3051 | D:3      | Reached skill level 5 in Ranged Weapons
  3066 | D:3      | Found a shimmering blue altar of Sif Muna.
  3069 | D:3      | Found a shadowy altar of Dithmenos.
  3739 | D:4      | Found a glowing golden altar of the Shining One.
  3745 | D:4      | Reached XP level 5. HP: 46/46 MP: 4/4
  4324 | D:4      | Noticed a water moccasin
  4329 | D:4      | Killed a water moccasin
  4330 | D:4      | Reached XP level 6. HP: 47/53 MP: 5/5
  4444 | D:5      | Entered Level 5 of the Dungeon
  4563 | D:5      | Noticed Pikel
  5167 | D:5      | Killed Pikel
  5168 | D:5      | Reached skill level 5 in Dodging
  5168 | D:5      | Reached XP level 7. HP: 21/63 MP: 6/6
  5620 | D:4      | Reached XP level 8. HP: 63/71 MP: 7/7
  6521 | D:5      | Found a staircase to the Ecumenical Temple.
  6526 | Temple   | Entered the Ecumenical Temple
  6699 | Temple   | Became a worshipper of Fedhas Madash
  6756 | D:6      | Noticed a two-headed ogre
  6967 | D:5      | Reached skill level 1 in Invocations
  7746 | D:6      | Reached XP level 9. HP: 68/81 MP: 9/9
  8254 | D:6      | Found Zopsaoduhe's Hydra Hut.
  8262 | D:6      | Noticed a seven-headed hydra
  8267 | D:6      | Bought a +1 shortbow of freezing for 173 gold pieces
  8268 | D:6      | Bought a +0 scimitar of flaming for 128 gold pieces
  8415 | D:7      | Reached * piety under Fedhas
  8539 | D:7      | Found a flagged portal.
  8548 | Bailey   | Entered a bailey
  9203 | Bailey   | Noticed Grum
  9214 | Bailey   | Killed Grum
  9264 | Bailey   | Reached ** piety under Fedhas
 10949 | D:7      | Found a transporter.
 10953 | D:7      | Found a transporter.
 11241 | D:7      | Reached XP level 10. HP: 84/89 MP: 12/12
 11801 | D:7      | Noticed Thug187's ghost (novice MfGl)
 11896 | D:7      | Reached skill level 5 in Invocations
 11927 | D:7      | Found a stormy altar of Qazlal.
 13085 | D:8      | Found a snail-covered altar of Cheibriados.
 13501 | D:9      | Reached skill level 10 in Fighting
 13513 | D:8      | Reached *** piety under Fedhas
 14041 | D:9      | Reached skill level 10 in Ranged Weapons
 15857 | D:9      | Noticed a two-headed ogre
 15889 | D:10     | Entered Level 10 of the Dungeon
 16237 | D:10     | Noticed Harold
 16255 | D:10     | Slain by Harold

Illustrated notes

Levels and vault maps discovered:
D:1:      matt_arrival_los_fun, layout_rooms
D:2:      layout_basic, minmay_circle_x
D:3:      layout_rooms, jmf_multi_god_temple
D:4:      layout_rooms, nicolae_tso_besieged_by_evil
D:5:      layout_rooms, temple_doors_ab, nrook_mini_vaults, uniq_pikel
D:6:      layout_loops_corners, doesnt_shop_hydraphobe
D:7:      layout_loops_ring, nicolae_qazlal_style_of_elements, enter_bailey_3,
          gammafunk_ghost_hive, minmay_misc_feat_plants
D:8:      layout_basic, mainiacjoe_overflow_small_starburst
D:9:      cheibrodos_ideogram_h, layout_cave_pods
D:10:     layout_basic, nicolae_hepliaklqana_ecumenical_no_more,
          lair_entry_dummy, uniq_fannar, uniq_sonja, uniq_harold
Temple:   nicolae_temple_elliptical

Skill      XL: |  1  2  3  4  5  6  7  8  9 10 |
---------------+-------------------------------+-----
Stealth        | 1 2 |  2.0
Fighting       | 3 4 6 8 9 10 | 10.7
Dodging        | 3 4 5 6 7 8 9 |  9.7
Ranged Weapons | 5 6 7 8 9 10 | 10.4
Invocations    | 2 4 6 |  6.3

Action                     |  1- 3 |  4- 6 |  7- 9 | 10-12 || total
---------------------------+-------+-------+-------+-------++-------
  Melee: Dagger            |       |    25 |    51 |    35 ||   111
         Headbutt          |       |     8 |    14 |     9 ||    31
         Punch             |       |     1 |     1 |     2 ||     4
         Falchion          |       |       |     2 |       ||     2
   Fire: Shortbow          |   127 |   144 |   396 |   170 ||   837
 Invoke: Wall of Briars    |       |       |     1 |     3 ||     4
         Grow Ballistomyce |       |       |       |     1 ||     1
    Use: Scroll            |     3 |     5 |     1 |       ||     9
         Potion            |       |       |       |     5 ||     5
   Stab: Invisible         |       |       |       |     1 ||     1
 Armour: Leather armour    |    13 |     1 |       |       ||    14
         Ring mail         |       |     8 |    28 |       ||    36
         Chain mail        |       |     2 |       |       ||     2
         Plate armour      |       |       |     3 |    62 ||    65
  Dodge: Dodged            |    37 |    58 |   236 |   124 ||   455

Table legend: (Time is in decaauts)
 A = Elapsed time spent in this place.
 B = Non-inter-level travel time spent in this place.
 C = Inter-level travel time spent in this place.
 D = Time resting spent in this place.
 E = Time spent auto-exploring this place.
 F = Levels seen in this place.
 G = Mean time per level.
                   A        B        C        D        E       F      G
               +--------+--------+--------+--------+--------+-----+--------+
         Total |  16467 |  15797 |    670 |   9122 |   4265 |  12 | 1372.2 |
       Dungeon |  13944 |  13278 |    666 |   7448 |   4004 |  10 | 1394.4 |
        Temple |    178 |    174 |      4 |      0 |    119 |   1 |  178.0 |
        Bailey |   2344 |   2344 |      0 |   1674 |    142 |   1 | 2344.0 |
               +--------+--------+--------+--------+--------+-----+--------+

Top non-repeatable levels by time:
  Bailey: 2344 daAuts
     D:5: 1978 daAuts
     D:9: 1888 daAuts
     D:8: 1832 daAuts
     D:1: 1661 daAuts
     D:7: 1568 daAuts
     D:4: 1504 daAuts
     D:6: 1264 daAuts
     D:2: 1175 daAuts
     D:3: 696 daAuts
    D:10: 374 daAuts
  Temple: 178 daAuts
